 Dungeon Crawl Stone Soup version 0.27-a0-1193-g8631133539 (webtiles) character file.

Game seed: 12777892567599816625

23 ReteAZ the Magician (level 2, -1/23 HPs)
             Began as a Gnoll Wanderer on May 25, 2021.
             Slain by a goblin
             ... wielding a +0 club
             ... led by Robin
              (4 damage)
             ... on level 2 of the Dungeon.
             The game lasted 00:01:23 (1033 turns).

ReteAZ the Magician (Gnoll Wanderer)                Turns: 1033, Time: 00:01:24

Health: -1/23      AC:  5    Str: 11    XL:     2   Next: 95%
Magic:  5/10       EV: 11    Int: 11    God:
Gold:   21         SH:  0    Dex: 11    Spells: 14/15 levels left

rFire    . . .     SeeInvis .   k - +0 dagger (elec)
rCold    . . .     Faith    .   (no shield)
rNeg     . . .     Spirit   .   d - +0 leather armour
rPois    .         Reflect  .   (no helmet)
rElec    .         Harm     .   i - +1 cloak
rCorr    .         Rampage  .   (no gloves)
Will     .....                  (no boots)
Stlth    +.........             (no amulet)
HPRegen  0.07/turn              (no ring)
MPRegen  0.12/turn              (no ring)

@: no status effects
A: fangs 1, strong nose, distributed training
a: no special abilities


You were on level 2 of the Dungeon.
You visited 1 branch of the dungeon, and saw 2 of its levels.

You collected 21 gold pieces.

Inventory:

Hand Weapons
 a - a +0 quarterstaff
 k - a +0 dagger of electrocution (weapon)
Missiles
 b - 3 throwing nets
Armour
 d - a +0 leather armour (worn)
 i - a +1 cloak (worn)
Scrolls
 c - a scroll of amnesia {unknown}
 e - a scroll of identify {unknown}
 g - a scroll of holy word {unknown}
 j - a scroll of enchant weapon {unknown}
Potions
 f - a potion of attraction {unknown}
 h - a potion of mutation {unknown}


   Skills:
 + Level 2.5 Fighting
 + Level 0.5 Short Blades
 + Level 0.5 Long Blades
 + Level 0.5 Axes
 + Level 0.5 Maces & Flails
 + Level 0.5 Polearms
 + Level 2.5 Staves
 + Level 0.5 Slings
 + Level 0.5 Bows
 + Level 0.5 Crossbows
 + Level 0.5 Throwing
 + Level 0.5 Armour
 + Level 2.5 Dodging
 + Level 0.5 Stealth
 + Level 2.5 Shields
 + Level 0.5 Unarmed Combat
 + Level 7.1 Spellcasting
 + Level 0.4 Conjurations
 + Level 0.4 Hexes
 + Level 0.4 Summonings
 + Level 0.4 Necromancy
 + Level 0.4 Translocations
 + Level 0.4 Transmutations
 + Level 0.4 Fire Magic
 + Level 3.7 Ice Magic
 + Level 0.4 Air Magic
 + Level 0.4 Earth Magic
 + Level 0.4 Poison Magic
 + Level 0.7 Invocations
 + Level 2.5 Evocations


You had 14 spell levels left.
You knew the following spells:

 Your Spells              Type           Power      Damage    Failure   Level
a - Foxfire               Conj/Fire      16%        2x1d4     19%         1

Your spell library contained the following spells:

 Spells                   Type           Power      Damage    Failure   Level
 Apportation              Tloc           8%         N/A       19%         1
 Sting                    Tmut/Pois      16%        1d3       19%         1
 Conjure Flame            Conj/Fire      4%         6-21      50%         3
 Spider Form              Tmut/Pois      2%         N/A       50%         3


Dungeon Overview and Level Annotations

Branches:
Dungeon (2/15)

Altars:

Annotations:
D:2 Robin


Innate Abilities, Weirdness & Mutations

You have very sharp teeth.
Your uncanny sense of smell can sniff out nearby items.
Your experience applies equally to all skills.


Message History

You are very lightly contaminated with residual magic.
Nothing appears to happen.
The foxfire hits Robin but does no damage.
Robin is lightly wounded.
A goblin comes into view. It is wielding a +0 club.
Robin roars a battlecry!
The goblin goes into a battle-frenzy!
The goblin hits you with a +0 club. The goblin hits you with a +0 club.
Robin roars a battlecry!
The goblin goes into a battle-frenzy!
The goblin closely misses you. The hobgoblin hits you. The goblin misses you.
The hobgoblin hits you but does no damage.
The hobgoblin hits you but does no damage.
Robin hits you but does no damage.
Your magical contamination has completely faded away.
Robin hits you with a +0 short sword. Robin throws the goblin at you!
The goblin hits you with a +0 club.
Robin roars a battlecry!
You hear a shout!
Robin throws the goblin at you! The goblin hits you but does no damage.
The hobgoblin no longer looks unusually strong.
The goblin hits you with a +0 club. 3 goblins come into view.
The goblin shouts! x2
Found 17 stones.
A goblin comes into view. It is wielding a +0 dagger.
The goblin shouts!
The goblin no longer looks unusually strong.
A goblin comes into view. It is wielding a +0 club.
A goblin comes into view. It is wielding a +0 dagger.
The goblin hits you with a +0 club.
* * * LOW HITPOINT WARNING * * *
The goblin barely misses you.
The goblin shouts!
You hear a shout!
The goblin hits you with a +0 club.
* * * LOW HITPOINT WARNING * * *
The goblin hits you with a +0 club.
You die...

..# #.# # #.# ..
######.# ..
(..##.#
###.###.##.#####..
........g........#
###.#..#g@...##.
#g.#.g...gg..
#.###..#gg)..###.
#......#.†...#
#####g##.....#
###..)..####
+.....#g#
###.#.#.#
#...#.###


You could see 8 goblins.

Vanquished Creatures
  A dart slug (D:1)
  3 bats
  3 endoplasms (D:1)
  4 goblins
  2 hobgoblins (D:1)
  A ball python (D:2)
  3 frilled lizards
  2 rats (D:1)
19 creatures vanquished.

Vanquished Creatures (others)
  46 foxfires
46 creatures vanquished.

Grand Total: 65 creatures vanquished

Notes
Turn   | Place    | Note
-------+----------+-------------------------------------------
     0 | D:1      | ReteAZ the Gnoll Wanderer began the quest for the Orb.
     0 | D:1      | ReteAZ set off with the following items: a +0 quarterstaff,
                  | 3 throwing nets, a +0 leather armour; and the following
                  | spell memorised: Foxfire; and the following spells
                  | available to memorise: Conjure Flame
     0 | D:1      | Reached XP level 1. HP: 17/17 MP: 8/8
    13 | D:1      | Identified the Disquisition on Displaced Toxins
   531 | D:1      | Reached XP level 2. HP: 23/23 MP: 7/10
  1012 | D:2      | Noticed Robin
  1033 | D:2      | Slain by a goblin

Illustrated notes

Levels and vault maps discovered:
D:1:      dpeg_arrival_shelter, layout_loops_ring
D:2:      layout_basic, basic_altar, shapermc_ecumenical_altar_mp_highgroup,
          serial_park_tiny_1, chequers_serial_rivers_room_b, eino_curves_01,
          uniq_robin, uniq_natasha

Action                   || total
-------------------------++-------
Melee: Quarterstaff      ||     5
       Dagger            ||     5
Throw: Throwing net      ||     1
 Cast: Foxfire           ||    31
Armor: Leather armour    ||     8
Dodge: Dodged            ||     7

Table legend: (Time is in decaauts)
 A = Elapsed time spent in this place.
 B = Non-inter-level travel time spent in this place.
 C = Inter-level travel time spent in this place.
 D = Time resting spent in this place.
 E = Time spent auto-exploring this place.
 F = Levels seen in this place.
 G = Mean time per level.
                   A        B        C        D        E       F      G
               +--------+--------+--------+--------+--------+-----+--------+
         Total |   1033 |    993 |     40 |      0 |    861 |   2 |  516.5 |
       Dungeon |   1033 |    993 |     40 |      0 |    861 |   2 |  516.5 |
               +--------+--------+--------+--------+--------+-----+--------+

Top non-repeatable levels by time:
     D:1: 907 daAuts
     D:2: 125 daAuts
